 Dungeon Crawl Stone Soup version 0.25-a0-576-g50b708a4c4 (webtiles) character file.

Game seed: 12715848043669870515, levelgen mode: deterministic

23 jt the Shield-Bearer (level 2, 0/28 HPs)
             Began as a Demonspawn Fighter on Mar 1, 2020.
             Succumbed to a goblin's poison
             ... on level 1 of the Dungeon.
             The game lasted 00:01:39 (598 turns).

jt the Shield-Bearer (Demonspawn Fighter)            Turns: 598, Time: 00:01:39

Health: 0/28       AC:  6    Str: 16    XL:     2   Next: 75%
Magic:  2/2        EV:  6    Int:  9    God:
Gold:   36         SH:  9    Dex: 12    Spells: 1/1 levels left

rFire    . . .     SeeInvis .   a - +0 war axe
rCold    . . .     Gourm    .   c - +0 kite shield
rNeg     . . .     Faith    .   b - +0 scale mail
rPois    .         Spirit   .   (helmet restricted)
rElec    .         Reflect  .   (no cloak)
rCorr    .         Harm     .   (no gloves)
MR       .....                  (no boots)
Stlth    ..........             (no amulet)
HPRegen  0.09/turn              (no ring)
MPRegen  0.08/turn              (no ring)

@: lethally poisoned (0 -> -15), stab, flying
A: claws 1, horns 1, robust 2
a: no special abilities


You were on level 1 of the Dungeon.
You were not hungry.

You visited 1 branch of the dungeon, and saw 1 of its levels.

You collected 36 gold pieces.

Inventory:

Hand Weapons
 a - a +0 war axe (weapon)
 e - a +0 hunting sling
Missiles
 n - 50 stones (quivered)
Armour
 b - a +0 scale mail (worn)
 c - a +0 kite shield (worn)
Scrolls
 h - a scroll of random uselessness {unknown}
 j - a scroll of identify {unknown}
 o - a scroll of fear {unknown}
Potions
 d - a potion of might
 i - a potion of stabbing
Comestibles
 f - a ration
 g - a chunk of flesh


   Skills:
 - Level 3.0 Fighting
 + Level 2.4 Axes
 - Level 2.6 Armour
 + Level 3.2 Shields


You had one spell level left.
You didn't know any spells.
Your spell library was empty.

Dungeon Overview and Level Annotations

Branches:
Dungeon (1/15)

Altars:


Innate Abilities, Weirdness & Mutations

You have sharp fingernails.
You have a pair of small horns on your head.
You are very robust. (+20% HP)


Message History

* * * LOW HITPOINT WARNING * * *
Okay, then.
It was a potion of stabbing.
You feel ready to backstab.
* * * LOW HITPOINT WARNING * * *
You feel sick. You block the goblin's attack.
It was a potion of flight.
You feel very buoyant.
You fly up into the air.
* * * LOW HITPOINT WARNING * * *
You feel sick. You block the goblin's attack.
* * * LOW HITPOINT WARNING * * *
You feel sick.
It was a potion of mutation.
You feel extremely strange.
You feel robust. x2; A pair of horns grows on your head!
* * * LOW HITPOINT WARNING * * *
You feel sick. You block the goblin's attack.
You hit the goblin.
You kill the goblin!
You die...

#### ###### ≈ ...####..#
#.....
≈..........#########.....
....l####................
(...$hh)@.....######.....
.....#####.........#.....
≈≈. ####...##.####.. .
###.##.# ##. #.>..# ##..
##########..###...
#.....####...#..##
#.....##..).....##
#.....÷..###......


You could see a leopard gecko and 2 jackals.

Vanquished Creatures
  A dart slug (D:1)
  A leopard gecko (D:1)
  A giant cockroach (D:1)
  4 goblins (D:1)
  5 hobgoblins (D:1)
  A jackal (D:1)
  A bat (D:1)
  A frilled lizard (D:1)
  A kobold (D:1)
  2 rats (D:1)
18 creatures vanquished.

Notes
Turn   | Place    | Note
-------+----------+-------------------------------------------
     0 | D:1      | jt the Demonspawn Fighter began the quest for the Orb.
     0 | D:1      | Reached XP level 1. HP: 18/18 MP: 1/1
   235 | D:1      | Gained mutation: You have sharp fingernails. [demonic
                  | ancestry]
   235 | D:1      | Reached XP level 2. HP: 24/24 MP: 2/2
   597 | D:1      | Gained mutation: You are robust. (+10% HP) [potion of
                  | mutation]
   597 | D:1      | Gained mutation: You are very robust. (+20% HP) [potion of
                  | mutation]
   597 | D:1      | Gained mutation: You have a pair of small horns on your
                  | head. [potion of mutation]
   598 | D:1      | Succumbed to a goblin's poison

Levels and vault maps discovered:
D:1:      moated_graveyard_arrival, layout_rooms, chequers_serial_rivers_small_b

Skill      XL: |  1 |
---------------+----+-----
Axes           | 2 |  2.4
Shields        | 3 |  3.2
Fighting       | |  3.0
Armour         | |  2.6

Action                   || total
-------------------------++-------
Melee: War axe           ||    71
Throw: Throwing net      ||     1
  Use: Potion            ||     3
Armor: Scale mail        ||    28
Dodge: Dodged            ||    12
Block: Kite shield       ||    39

Table legend:
 A = Non-vault XP
 B = Vault XP
 C = Vault XP percentage of total XP
 D = Non-vault monster count
 E = Vault monster count
 F = Vault count percentage of total count
                 A         B        C        D         E       F
            +---------+---------+-------+---------+---------+-------
      Total |      34 |       0 |   0.0 |      18 |       0 |   0.0
            +---------+---------+-------+---------+---------+-------
        D:1 |      34 |       0 |   0.0 |      18 |       0 |   0.0
            +---------+---------+-------+---------+---------+-------
